 Dungeon Sprint DCSS version 0.26-a0-665-gefeb406119 (webtiles) character file.

Game seed: 12232295838841282297

19706 olmar the Severer (level 12, -3/127 HPs)
             Began as a Deep Dwarf Fighter on Oct 13, 2020.
             Was an Initiate of Gozag.
             Killed from afar by a frost giant (20 damage)
             ... with a bolt of cold
             ... in the Dungeon (Sprint IX: "|||||||||||||||||||||||||||||").
             The game lasted 00:06:45 (1692 turns).

olmar the Severer (Deep Dwarf Fighter)              Turns: 1692, Time: 00:06:45

Health: -3/127     AC: 20    Str: 27    XL:     12   Next: 38%
Magic:  10/10      EV: 12    Int: 18    God:    Gozag
Gold:   5710       SH: 14    Dex: 12    Spells: 11/11 levels left

rFire    . . .     SeeInvis +   n - +1 broad axe (vorpal)
rCold    . . .     Faith    .   c - +0 kite shield
rNeg     + . .     Spirit   .   g - +3 chain mail
rPois    .         Reflect  .   f - +0 helmet
rElec    .         Harm     .   o - +0 cloak
rCorr    .         Rampage  .   (no gloves)
MR       ++...     NoTele   +   q - +0 pair of boots "Nist" {Str+3 Stlth+} (curse)
Stlth    ..........             (no amulet)
HPRegen  0.00/turn              m - ring of Rostrodd {*Contam rN+ MR+ Int+8 SInv}
MPRegen  0.12/turn              (no ring)

@: non-regenerating
A: damage resistance, heal wounds, sense surroundings 2, no regeneration
a: Heal Wounds, Potion Petition, Call Merchant, Bribe Branch, Renounce Religion


You were in the Dungeon.
You worshipped Gozag.
Gozag was greatly pleased with you.
You visited 1 branch You collected 7772 gold pieces.
You spent 1507 gold pieces at shops.
You paid 555 gold pieces to Gozag.

Inventory:

Hand Weapons
 a - a +0 war axe
 n - a +1 vorpal broad axe (weapon)
Armour
 c - a +0 kite shield (worn)
 f - a +0 helmet (worn)
 g - a +3 chain mail (worn)
 o - a +0 cloak (worn)
 p - a +0 pair of boots
 q - the cursed +0 pair of boots "Nist" (worn) {Str+3 Stlth+}
   (You bought it in a shop in the Dungeon)

   It affects your strength (+3).
   It makes you more stealthy.
   It has a curse placed upon it.
 C - a +1 tower shield
 D - a +1 cloak
Jewellery
 m - the ring of Rostrodd (left hand) {*Contam rN+ MR+ Int+8 SInv}
   (You bought it in a shop in the Dungeon)

   [ring of protection from magic]

   It affects your intelligence (+8).
   It protects you from negative energy.
   It affects your resistance to hostile enchantments.
   It lets you see invisible.
   It causes magical contamination when unequipped.
 y - an uncursed ring of protection from magic
 z - an uncursed ring of ice
 A - an uncursed ring of protection from magic
 B - an uncursed ring of ice
Scrolls
 j - 4 scrolls of blinking
 k - 4 scrolls of remove curse
 l - 2 scrolls of amnesia
 v - 4 scrolls of enchant armour
 w - 2 scrolls of identify
 F - a scroll of fear
 G - 2 scrolls of enchant weapon
Potions
 b - 2 potions of berserk rage
 d - 2 potions of heal wounds
 h - 4 potions of magic
 i - 2 potions of curing
 r - a potion of brilliance {unknown}
 s - 2 potions of resistance
 t - 3 potions of mutation
 x - 2 potions of might
 E - a potion of haste
Miscellaneous
 e - a condenser vane (1/2)
 u - a phial of floods


   Skills:
 + Level 13.9 Fighting
 + Level 20.0 Axes
 + Level 13.6 Armour
 + Level 7.1 Dodging
 + Level 14.6 Shields
 + Level 10.7 Evocations


You had 11 spell levels left.
You didn't know any spells.
Your spell library was empty.

Dungeon Overview and Level Annotations

Branches:
Dungeon (1/1)

Altars:
Cheibriados
Dithmenos
Elyvilon
Fedhas
Gozag
Hepliaklqana
Kikubaaqudgha
Makhleb
Nemelex Xobeh
Okawaru
Qazlal
Ru
Sif Muna
Trog
Uskayaw
Vehumet
Wu Jian
Xom
Yredelemnul
Zin
The Shining One
Beogh
Jiyva
Lugonu

Shops:
D }[(=*


Innate Abilities, Weirdness & Mutations

You are resistant to damage.
You can heal yourself by infusing magical energy.
You passively map the area around you.
You do not regenerate.


Message History

The frost giant is engulfed in acidic fog.
The frost giant is splashed with acid.
The frost giant gestures at you while chanting.
The bolt of cold hits you!!
Items here: $ ( ) [.
The frost giant is engulfed in acidic fog.
The frost giant is splashed with acid.
The acid corrodes the frost giant!
You slash the frost giant!
The frost giant is severely wounded.
The frost giant points at you and mumbles some strange words.
The bolt of cold hits you!!
* * * LOW HITPOINT WARNING * * *
You completely miss the frost giant.
The frost giant is severely wounded.
You slash the frost giant!
The frost giant is almost dead.
The frost giant points at you and mumbles some strange words.
The bolt of cold hits you!!
You die...
Your body crumbles into a pile of gold.

...'.........'...........)'...[[[
▓▓▓▓▓▓▓▓▓▓▓▓▓▓▓▓▓▓▓▓▓▓▓▓▓▓▓▓▓▓▓▓▓
.................................
▓▓▓▓▓▓▓▓▓▓▓▓▓▓▓▓▓▓▓▓▓▓▓▓▓▓▓▓▓▓▓▓▓
..).........)).)))∩)∩.∩.∩....['..
▓▓▓▓▓▓▓▓▓▓▓▓▓▓▓▓▓▓▓▓▓▓▓▓▓▓▓▓▓▓▓▓▓
...).............................
▓▓▓▓▓▓▓▓▓▓▓▓▓▓▓▓▓▓▓▓▓▓▓▓▓▓▓▓▓▓▓▓▓
.[[[..........)$@C§§§...CC ,+,
▓▓▓▓▓▓▓▓▓▓▓▓▓▓▓▓▓▓▓▓▓▓▓▓▓▓* * * ,
,, , , , , * * * * ** * ** , , ,
, , **** * ** * * * ,, , , ,,, ,,
, * * * * * * ** * , , ,,, , ,, +
,


You could see a frost giant (corroded).

Vanquished Creatures
  2 fire giants (D)
  A stone giant (D)
  An ettin (D)
  An ogre mage (D)
  A yaktaur captain (D)
  A hydra (D)
  A death yak (D)
  Urug (D)
  9 orc knights (D)
  A deep elf mage (D)
  A manticore (D)
  Psyche (D)
  A black mamba (D)
  A gargoyle (D)
  2 cane toads (D)
  A komodo dragon (D)
  3 polar bears (D)
  A blink frog (D)
  2 tyrant leeches (D)
  A slime creature (D)
  A wyvern (D)
  2 yaks (D)
  2 vampire mosquitoes (D)
  A basilisk (D)
  4 water moccasins (D)
  A sky beast (D)
  An ice beast (D)
  17 orc warriors (D)
  2 ogres (D)
  5 centaurs (D)
  A big kobold (shapeshifter) (D)
  8 bullfrogs (D)
  A howler monkey (D)
  2 orc priests (D)
  6 orc wizards (D)
  An adder skeleton (D)
  6 orcs (D)
  A giant cockroach (D)
  A goblin (D)
  A hobgoblin (D)
  2 kobolds (D)
  A leopard gecko skeleton (D)
100 creatures vanquished.

Vanquished Creatures (others)
  2 orcs (D)
2 creatures vanquished.

Grand Total: 102 creatures vanquished

Notes
Turn   | Place    | Note
-------+----------+-------------------------------------------
     0 | D        | olmar the Deep Dwarf Fighter began the quest for the Orb.
     0 | D        | Reached XP level 1. HP: 20/20 MP: 1/1
    26 | D        | Noticed an orc wizard
    26 | D        | Noticed a sky beast
    26 | D        | Noticed a centaur
    48 | D        | Killed an orc wizard
    48 | D        | Reached skill level 3 in Axes
    48 | D        | Reached XP level 2. HP: 30/30 MP: 2/2
    48 | D        | Reached XP level 3. HP: 36/36 MP: 3/3
    49 | D        | Reached skill level 5 in Shields
    55 | D        | Killed a sky beast
    67 | D        | Killed a centaur
    67 | D        | Reached skill level 5 in Axes
    67 | D        | Reached skill level 1 in Dodging
    67 | D        | Reached XP level 4. HP: 35/45 MP: 4/4
    79 | D        | Found a roughly hewn altar of Beogh.
    79 | D        | Found a snail-covered altar of Cheibriados.
    79 | D        | Found a shadowy altar of Dithmenos.
    79 | D        | Found a white marble altar of Elyvilon.
    79 | D        | Found a blossoming altar of Fedhas.
    79 | D        | Found an opulent altar of Gozag.
    80 | D        | Found a hazy altar of Hepliaklqana.
    81 | D        | Found a viscous altar of Jiyva.
    82 | D        | Found an ancient bone altar of Kikubaaqudgha.
    83 | D        | Found a corrupted altar of Lugonu.
    84 | D        | Found a burning altar of Makhleb.
    85 | D        | Found a sparkling altar of Nemelex Xobeh.
    86 | D        | Found an iron altar of Okawaru.
    87 | D        | Became a worshipper of Gozag Ym Sagoz the Greedy
    88 | D        | Found a stormy altar of Qazlal.
    89 | D        | Found a sacrificial altar of Ru.
    90 | D        | Found a shimmering blue altar of Sif Muna.
    91 | D        | Found a bloodstained altar of Trog.
    92 | D        | Found a hide-covered altar of Uskayaw.
    93 | D        | Found a radiant altar of Vehumet.
    94 | D        | Found an ornate altar of the Wu Jian Council.
    95 | D        | Found a shimmering altar of Xom.
    96 | D        | Found a basalt altar of Yredelemnul.
    97 | D        | Found a glowing silver altar of Zin.
    98 | D        | Found a glowing golden altar of the Shining One.
   164 | D        | Noticed a gargoyle
   164 | D        | Noticed a bullfrog
   164 | D        | Noticed a centaur
   164 | D        | Noticed an ogre
   166 | D        | Killed a gargoyle
   166 | D        | Reached skill level 8 in Axes
   166 | D        | Reached XP level 5. HP: 43/56 MP: 5/5
   166 | D        | Reached XP level 6. HP: 49/63 MP: 6/6
   174 | D        | Reached skill level 9 in Axes
   174 | D        | Reached XP level 7. HP: 52/70 MP: 7/7
   182 | D        | Reached skill level 10 in Axes
   197 | D        | Noticed a golden eye
   198 | D        | a golden eye changed into a big kobold
   211 | D        | Reached skill level 11 in Axes
   213 | D        | Reached XP level 8. HP: 66/80 MP: 8/8
   276 | D        | Noticed Urug
   300 | D        | Killed Urug
   300 | D        | Reached skill level 12 in Axes
   300 | D        | Reached skill level 10 in Armour
   300 | D        | Reached skill level 5 in Dodging
   300 | D        | Reached skill level 10 in Shields
   370 | D        | Noticed a black mamba
   370 | D        | Noticed a polar bear
   373 | D        | Noticed a cane toad
   375 | D        | Reached skill level 13 in Axes
   378 | D        | Noticed a polar bear
   385 | D        | Killed a black mamba
   385 | D        | Gained mutation: You passively map the area around you.
                  | [Deep Dwarf growth]
   385 | D        | Reached XP level 9. HP: 73/90 MP: 8/8
   396 | D        | Killed a polar bear
   396 | D        | Reached skill level 14 in Axes
   415 | D        | Killed a cane toad
   416 | D        | Killed a polar bear
   436 | D        | Noticed a polar bear
   437 | D        | Noticed a komodo dragon
   451 | D        | Killed a polar bear
   451 | D        | Reached skill level 5 in Evocations
   467 | D        | Reached skill level 15 in Axes
   473 | D        | Killed a komodo dragon
   473 | D        | Reached XP level 10. HP: 42/99 MP: 9/9
   477 | D        | Noticed a death yak
   488 | D        | Killed a death yak
   488 | D        | Reached skill level 10 in Fighting
   508 | D        | Noticed a cane toad
   541 | D        | Killed a cane toad
   541 | D        | Reached skill level 16 in Axes
   712 | D        | Noticed an orc knight
   732 | D        | Killed an orc knight
   809 | D        | Noticed an orc knight
   874 | D        | Killed an orc knight
   874 | D        | Reached skill level 17 in Axes
   882 | D        | Bought a condenser vane (2/2) for 320 gold pieces
   888 | D        | Reached XP level 11. HP: 78/111 MP: 9/9
  1087 | D        | Found Nyec's Antique Armour Emporium.
  1087 | D        | Noticed an orc knight
  1087 | D        | Noticed an orc knight
  1087 | D        | Noticed an orc knight
  1087 | D        | Noticed an orc knight
  1089 | D        | Killed an orc knight
  1094 | D        | Killed an orc knight
  1097 | D        | Killed an orc knight
  1101 | D        | Killed an orc knight
  1156 | D        | Found Fotzaiff's Weapon Shoppe.
  1156 | D        | Noticed an orc knight
  1158 | D        | Found Elifruc's Jewellery Emporium.
  1173 | D        | Killed an orc knight
  1173 | D        | Reached skill level 18 in Axes
  1174 | D        | Noticed an orc knight
  1185 | D        | Killed an orc knight
  1233 | D        | Found Pygunn's General Store.
  1264 | D        | Bought the ring of Rostrodd {*Contam rN+ MR+ Int+8 SInv}
                  | for 670 gold pieces
  1271 | D        | Bought the cursed +0 pair of boots "Nist" {Str+3 Stlth+}
                  | for 211 gold pieces
  1271 | D        | Bought a +1 pair of boots for 138 gold pieces
  1271 | D        | Bought a potion of resistance for 120 gold pieces
  1271 | D        | Bought a potion of might for 48 gold pieces
  1336 | D        | Noticed Psyche
  1346 | D        | Killed Psyche
  1443 | D        | Noticed a deep elf mage
  1443 | D        | Noticed a six-headed hydra
  1448 | D        | Killed a six-headed hydra
  1448 | D        | Killed a deep elf mage
  1565 | D        | Noticed an orc knight
  1566 | D        | Noticed a yaktaur captain
  1567 | D        | Noticed a fire giant
  1567 | D        | Noticed a fire giant
  1568 | D        | Noticed a stone giant
  1569 | D        | Noticed a frost giant
  1573 | D        | Noticed an ettin
  1574 | D        | Killed an orc knight
  1574 | D        | Reached skill level 19 in Axes
  1575 | D        | Killed a yaktaur captain
  1585 | D        | Killed a fire giant
  1585 | D        | Reached XP level 12. HP: 78/126 MP: 10/10
  1590 | D        | Killed a stone giant
  1590 | D        | Reached skill level 10 in Evocations
  1594 | D        | Killed a fire giant
  1594 | D        | Noticed an ogre mage
  1597 | D        | Killed an ettin
  1602 | D        | Killed an ogre mage
  1602 | D        | Reached skill level 20 in Axes
  1692 | D        | Killed from afar by a frost giant

Illustrated notes

Levels and vault maps discovered:
D:        linesprint [early_d, line_temple, items_1, d_10, items_2, lair_1,
          lair_end, items_3, orc_1, orc_end, items_4, d_15, swamp_1, shoals_1,
          snake_1, spider_1, d_20, vaults_1, items_5, swamp_end, shoals_end,
          snake_end, spider_end, vaults_end, d_27, items_6, zot_1, zot_end,
          crypt_end, forest_end, elf_end, slime_end, tomb_end, abyss_end,
          pan_hell_end]

Skill      XL: |  1  2  3  4  5  6  7  8  9 10 11 12 |
---------------+-------------------------------------+-----
Fighting       | 4 6 7 8 9 11 13 | 13.9
Axes           | 3 5 8 9 11 13 15 17 19 20 | 20.0
Armour         | 4 6 8 9 10 11 12 13 | 13.6
Shields        | 4 6 8 9 10 11 12 14 | 14.6
Dodging        | 1 3 4 5 6 7 |  7.1
Evocations     | 3 5 7 9 10 | 10.7

Action                   |  1- 3 |  4- 6 |  7- 9 | 10-12 || total
-------------------------+-------+-------+-------+-------++-------
Melee: War axe           |    51 |     3 |       |       ||    54
       Broad axe         |       |     9 |   105 |   216 ||   330
Invok: Call Merchant     |       |       |       |     1 ||     1
 Abil: Heal Wounds       |       |       |     6 |     8 ||    14
Evoke: Wand              |       |       |    10 |       ||    10
       Phial of floods   |       |       |     1 |     4 ||     5
       Condenser vane    |       |       |       |     7 ||     7
  Use: Potion            |     3 |       |     7 |     3 ||    13
 Stab: Distracted        |       |       |     1 |     2 ||     3
Armor: Scale mail        |    22 |     2 |       |       ||    24
       Chain mail        |       |     3 |    31 |    14 ||    48
Dodge: Dodged            |    14 |     5 |    33 |    30 ||    82
Block: Kite shield       |    29 |     3 |    50 |    50 ||   132

Table legend: (Time is in decaauts)
 A = Elapsed time spent in this place.
 B = Non-inter-level travel time spent in this place.
 C = Inter-level travel time spent in this place.
 D = Time resting spent in this place.
 E = Time spent auto-exploring this place.
 F = Levels seen in this place.
 G = Mean time per level.
                   A        B        C        D        E       F      G
               +--------+--------+--------+--------+--------+-----+--------+
         Total |   1657 |   1606 |     51 |    352 |    253 |   1 | 1657.0 |
       Dungeon |   1657 |   1606 |     51 |    352 |    253 |   1 | 1657.0 |
               +--------+--------+--------+--------+--------+-----+--------+

Top non-repeatable levels by time:
       D: 1657 daAuts
